 Dungeon Crawl Stone Soup version 0.18-a0-1041-gbe91bf5 (webtiles) character file.

349 dvd the Chiller (level 6, 0/38 HPs)
             Began as an Octopode Ice Elementalist on Jan 10, 2016.
             Slain by dvd's ghost (3 damage)
             ... on level 5 of the Dungeon.
             The game lasted 00:14:25 (5100 turns).

dvd the Chiller (Octopode Ice Elementalist)         Turns: 5100, Time: 00:14:25

Health: 0/38       AC:  1    Str: 10      XL:     6   Next: 60%
Magic:  5/11       EV: 18    Int: 20      God:
Gold:   203        SH:  0    Dex: 15 (17) Spells: 4 memorised, 2 levels left

rFire  . . .     SeeInvis .     l - +2 dagger (venom)
rCold  . . .     Gourm    .     (no shield)
rNeg   . . .     Faith    .     (helmet restricted)
rPois  .         Spirit   .     (no amulet)
rElec  .         Dismiss  .     i - +3 ring of strength
rCorr  .         Reflect  .     (no ring)
SustAt .         Harm     .     (no ring)
MR     .....                    (no ring)
Stlth  +++++.....               (no ring)
                                (no ring)
                                (no ring)
                                (no ring)

@: agile, very slightly contaminated, drained, not resistant to hostile
enchantments, quite stealthy
A: almost no armour, amphibious, 8 rings, constrict 8, camouflage 1, gelatinous
body 1
a: no special abilities


You were on level 5 of the Dungeon.
You were not hungry.

You visited 1 branch of the dungeon, and saw 5 of its levels.

You collected 203 gold pieces.

Inventory:

Hand Weapons
 l - a +2 dagger of venom (weapon)
 v - a +0 war axe
 G - a +0 long sword
Jewellery
 i - a +3 ring of strength (left tentacle)
Wands
 o - a wand of random effects (23/48)
 y - a wand of confusion (23/48)
 z - a wand of random effects (18/48)
 F - a wand of enslavement (11/24)
Scrolls
 g - 4 scrolls of identify {unknown}
 h - 4 scrolls of blinking {unknown}
 j - a scroll of magic mapping {unknown}
 m - 2 scrolls of remove curse {unknown}
 q - a scroll of teleportation {unknown}
 t - 2 scrolls of enchant weapon {unknown}
 u - a scroll of summoning {unknown}
 w - a scroll of enchant armour {unknown}
 A - a scroll of amnesia {unknown}
 B - a scroll of recharging {unknown}
 E - a scroll of fog {unknown}
Potions
 c - a potion of degeneration
 e - a potion of agility
 f - a potion of poison {unknown}
 k - a potion of magic {unknown}
 n - a potion of curing
 p - a potion of resistance {unknown}
 D - a potion of cancellation {unknown}
Books
 a - a book of Frost

   Spells                             Type                      Level
   a - Freeze                         Ice                          1
   b - Throw Frost                    Conjuration/Ice              2
   c - Ozocubu's Armour               Charms/Ice                   3
   d - Throw Icicle                   Conjuration/Ice              4
   e - Summon Ice Beast               Ice/Summoning                4
   f - Condensation Shield            Ice                          4
 s - a Fen Folio

   Spells                             Type                      Level
   a - Corpse Rot                     Necromancy                   2
   b - Stone Arrow                    Conjuration/Earth            3
   c - Leda's Liquefaction            Hexes/Earth                  4
   d - Summon Forest                  Summoning/Translocation      5
   e - Hydra Form                     Transmutation                6
   f - Summon Hydra                   Summoning                    7
 C - a book of Spatial Translocations

   Spells                             Type                      Level
   a - Apportation                    Translocation                1
   b - Blink                          Translocation                2
   c - Shroud of Golubria             Charms/Translocation         2
   d - Portal Projectile              Translocation                3
   e - Teleport Other                 Translocation                3
   f - Passage of Golubria            Translocation                4
Comestibles
 b - 3 bread rations
 d - 10 fruits
 r - 3 meat rations
 x - a slice of pizza


   Skills:
 + Level 1.0(0.7) Fighting
 + Level 0.6(0.3) Short Blades
 + Level 2.7(2.4) Dodging
 + Level 4.5(4.2) Stealth
 * Level 3.7(3.4) Spellcasting
 + Level 1.4(1.1) Conjurations
 + Level 1.1(0.8) Charms
 * Level 4.6(4.3) Ice Magic


You had 2 spell levels left.
You knew the following spells:

 Your Spells              Type           Power        Failure   Level  Hunger
a - Freeze                Ice            ###.         2%          1    None
b - Throw Frost           Conj/Ice       ##....       10%         2    ##.....
c - Ozocubu's Armour      Chrm/Ice       ##......     17%         3    ###....
d - Condensation Shield   Ice            ###.......   24%         4    ####...


Dungeon Overview and Level Annotations

Branches:
Dungeon (5/15)
 Temple: D:4-7

Altars:
Cheibriados
Dithmenos
Elyvilon
Sif Muna
Vehumet
The Shining One

Annotations:
D:4 exclusion: statue
D:5 dvd's ghost, novice OpIE


Innate Abilities, Weirdness & Mutations

You cannot wear most types of armour.
You are amphibious.
You can wear up to eight rings at the same time.
You can use your tentacles to constrict eight enemies at once.
Your skin changes colour to match your surroundings (Stealth).
Your rubbery body absorbs attacks (AC +1).


Message History

An orc comes into view. It is wielding a dagger.
There is a stone staircase leading down here.
The orc priest mumbles some strange prayers to Beogh against you.
Something smites you!
* * * LOW HITPOINT WARNING * * *
You climb downwards.
Level annotation: dvd's ghost, novice OpIE
There is a stone staircase leading up here.
Drink which item? (? for menu, Esc to quit)
It was a potion of degeneration.
There was something very wrong with that liquid.
You feel clumsy. Dvd's ghost barely misses you.
Drink which item? (? for menu, Esc to quit)
It was a potion of agility.
You feel agile all of a sudden. Dvd's ghost hits you!
* * * LOW HITPOINT WARNING * * *
You feel drained.
You die...

####+###.....##................#
##.....##................#
#..................
#..................
#..................
#....###...##....#
###....###...##....#
#.........oW..#....#
#..........@..# ...#
#.............# ...#
#######.....########....
#...###.>...##....##....
.....#..................
.....#..................
.....#..................
.....#..................
#....###....###...##....


You could see dvd's ghost and a friendly orc warrior.

Vanquished Creatures
  2 hounds
  A jelly (D:5)
  An orc wizard (D:3)
  Terence (D:2)
  A worker ant (D:4)
  Robin (D:3)
  8 adders
  An adder skeleton (D:4)
  A worm (D:4)
  6 orcs
  9 bats
  A giant cockroach (D:2)
  22 goblins
  9 hobgoblins
  A quokka (D:2)
  6 giant newts
  13 kobolds
  7 rats
91 creatures vanquished.

Notes
Turn   | Place    | Note
--------------------------------------------------------------
     0 | D:1      | dvd the Octopode Ice Elementalist began the quest for the Orb.
     0 | D:1      | Reached XP level 1. HP: 11/11 MP: 3/3
   291 | D:1      | Reached XP level 2. HP: 17/17 MP: 3/5
   364 | D:1      | Learned a level 2 spell: Throw Frost
  1095 | D:2      | Reached XP level 3. HP: 11/21 MP: 3/6
  1306 | D:2      | Learned a level 3 spell: Ozocubu's Armour
  2208 | D:2      | Found a snail-covered altar of Cheibriados.
  2327 | D:2      | Noticed Terence
  2337 | D:2      | Killed Terence
  2337 | D:2      | Reached skill level 4 in Ice Magic
  2337 | D:2      | Reached XP level 4. HP: 25/27 MP: 3/8
  2645 | D:3      | Found a white marble altar of Elyvilon.
  2839 | D:3      | Noticed Robin
  2859 | D:3      | Killed Robin
  2859 | D:3      | Reached XP level 5. HP: 22/32 MP: 5/9
  3659 | D:4      | Reached skill level 1 in Charms
  3706 | D:4      | Found a radiant altar of Vehumet.
  3706 | D:4      | Noticed a frost-covered statue
  3710 | D:4      | Found a glowing golden altar of the Shining One.
  3775 | D:4      | Found a deep blue altar of Sif Muna.
  3775 | D:4      | Found a shadowy altar of Dithmenos.
  3857 | D:4      | Reached XP level 6. HP: 31/37 MP: 11/11
  4400 | D:5      | Entered Level 5 of the Dungeon
  4400 | D:5      | Noticed dvd's ghost (novice OpIE)
  4640 | D:5      | Learned a level 4 spell: Condensation Shield
  4681 | D:5      | Reached skill level 1 in Fighting
  5090 | D:4      | Noticed an orc warrior
  5100 | D:5      | Slain by dvd's ghost

Vault maps used:
D:1:      erik_arrival_cave_to_civilisation, kennysheep_decorative_pillar
D:2:      kennysheep_the_goblin_king, lemuel_coloured_pillars_altar,
          minmay_crystal_water, st_stairs_7, uniq_terence
D:3:      elyvilon_altar_5, minivault_5, minmay_splitting_lines, uniq_robin
D:4:      nicolae_overflow_hidden_temple, vehumet_statue, first_bread
D:5:      serial_shops, kennysheep_mini_moat, minmay_misc_feat_chi

Action                   |  1- 3 |  4- 6 || total
-------------------------+-------+-------++-------
Melee: Unarmed           |    15 |       ||    15
       Dagger            |    37 |    84 ||   121
 Cast: Freeze            |    20 |    11 ||    31
       Throw Frost       |    11 |    10 ||    21
       Ozocubu's Armour  |     1 |    13 ||    14
Evoke: Wand              |       |     2 ||     2
  Use: Potion            |       |     4 ||     4
 Stab: Sleeping          |     9 |     4 ||    13
  Eat: Chunk             |     5 |     8 ||    13
       Fruit             |       |     1 ||     1
       Pizza             |       |     1 ||     1
